Map: Ley Lines

Players

Griff

  • Race: Protoss Protoss
  • League: Diamond
  • Spawn Location: 7:00

UwU - Winner!

  • Race: Zerg Zerg
  • League: Master
  • Spawn Location: 1:00

VOD

Have the link to the VOD?

Description

Time

  • Played on: April 26, 2025, 11:50 a.m.
  • Length: 3:09
Show
View Real Time Build Order
Export as new Build Order

Griff Protoss 

Build Orders:  

Get SALT Encoding   

  12  0:01  Probe  
  13  0:13  Probe  
  14  0:21  Pylon  
  14  0:26  Probe  
  15  0:35  Probe  
  16  0:43  Gateway  
  16  0:44  Probe  
  16  0:46  Assimilator  
  17  0:55  Probe  
  18  1:07  Probe  
  19  1:19  Probe  
  19  1:25  Zealot  
  20  1:35  Cybernetics Core  
  20  1:36  Gateway  
  22  1:44  Pylon  
  20  2:44  Probe  
  21  2:56  Probe  
Show
View Real Time Build Order
Export as new Build Order

UwU Zerg - Winner!

Build Orders: Pool Only 

Get SALT Encoding   

  12  0:18  Spawning Pool  
  11  0:23  Drone  
  11  0:26  Drone  
  13  0:30  Drone  
  14  0:40  Overlord  
  14  1:05  Zergling x4  
  14  1:06  Zergling x2  
  17  1:22  Zergling x2  
  18  1:28  Zergling x2  
  19  1:38  Zergling x2  
  20  1:50  Zergling x2  
  21  2:06  Zergling x2  
  22  2:14  Zergling x2  
  21  2:22  Zergling x2  
Tags
 
Matchup
PvZ
Opening
Pool Only
Spawn Locations
Cross Positions
Add a new tag
Caveats
  • Supply blocks, unpowered buildings, or Contaminate may cause inaccurate times.
  • Supply counts are checked every 10 seconds.